Map: Efflorescence LE

Players

Sito

  • Race: Zerg Zerg
  • Spawn Location: 9:00

HoZaF

  • Race: Protoss Protoss
  • Spawn Location: 6:00

Massa

  • Race: Terran Terran
  • League: Platinum
  • Spawn Location: 3:00

qqq

  • Race: Protoss Protoss
  • Spawn Location: 12:00

VOD

Have the link to the VOD?

Description

Time

  • Played on: Oct. 8, 2020, 12:50 p.m.
  • Length: 13:08
Show
View Real Time Build Order
Export as new Build Order

Sito Zerg 

Build Orders: Hatch First 

Get SALT Encoding   

  12  0:01  Drone  
  13  0:16  Overlord  
  13  0:18  Drone  
  14  0:35  Drone x2  
  16  0:54  Hatchery, Drone  
  17  0:57  Drone  
  17  1:01  Drone  
  18  1:10  Extractor  
  17  1:22  Spawning Pool  
  16  1:32  Drone x3  
  19  1:50  Overlord  
  19  1:55  Drone  
  20  2:05  Drone  
  20  2:08  Queen  
  21  2:10  Queen  
  21  2:15  Overlord  
  25  2:36  Zergling x8  
  29  3:05  Metabolic Boost  
  29  3:17  Drone  
  29  3:18  Drone x5  
  35  3:28  Roach Warren, Lair  
  35  3:29  Drone  
  35  3:48  Evolution Chamber  
  34  3:50  Roach Warren  
  34  3:52  Overlord  
  33  3:56  Drone  
  33  3:57  Drone x3  
  33  4:00  Extractor  
  37  4:19  Zerg Missile Weapons Level 1  
  37  4:21  Drone x2, Extractor  
  37  4:22  Drone x2  
  37  4:23  Drone x2  
  42  4:25  Drone  
  42  4:26  Drone x3  
  42  4:29  Drone  
  42  4:30  Drone x2  
  49  4:52  Overlord x3  
  49  4:56  Spore Crawler  
  49  4:57  Hatchery  
  49  4:59  Spore Crawler  
  46  5:01  Glial Reconstitution  
  46  5:05  Overlord  
  46  5:13  Drone x2  
  48  5:15  Drone  
  49  5:22  Roach  
  49  5:23  Roach x3  
  49  5:28  Roach x2  
  61  5:32  Pneumatized Carapace  
  61  5:34  Overseer  
  61  5:40  Roach x2  
  65  5:48  Roach x2  
  65  5:49  Roach  
  71  5:50  Overlord  
  71  6:05  Roach x2  
  71  6:07  Overlord  
  71  6:11  Overlord  
  75  6:12  Overlord  
  75  6:15  Zerg Missile Weapons Level 2  
  75  6:18  Queen  
  77  6:38  Roach x6  
  77  6:39  Roach x2  
  95  6:40  Roach  
  95  6:46  Roach  
  95  6:47  Roach x2  
  101  6:54  Ravager  
  102  6:56  Ravager  
  102  6:57  Ravager  
  102  7:00  Zergling x4  
  102  7:01  Zergling x10  
  107  7:33  Roach x2  
  107  7:34  Roach  
  107  7:36  Overlord x5  
  110  7:52  Ravager  
  110  7:53  Ravager x2  
  110  7:54  Ravager  
  110  7:56  Roach x2  
  110  7:57  Overlord x2, Roach x2  
  110  7:58  Overlord x2  
  122  8:05  Drone  
  122  8:06  Drone x5  
  122  8:07  Drone  
  127  8:29  Drone x2  
  127  8:30  Drone x6  
  135  8:39  Extractor x2  
  135  8:41  Hydralisk Den  
  132  8:42  Zerg Ground Armor Level 1  
  132  8:44  Evolution Chamber  
  131  8:50  Drone, Infestation Pit  
  131  8:51  Drone x2  
  131  8:52  Drone x3  
  131  8:53  Drone  
  137  9:07  Hatchery  
  136  9:13  Hydralisk x2, Muscular Augments  
  140  9:21  Extractor, Drone  
  140  9:22  Drone x2  
  142  9:28  Overlord x4  
  142  9:39  Hatchery  
  140  9:50  Spire  
  139  10:03  Hydralisk  
  139  10:04  Hydralisk x6  
  139  10:05  Hydralisk x4  
  159  10:24  Grooved Spines  
  128  10:50  Hydralisk x5  
  128  10:51  Hydralisk x3  
  142  11:05  Hydralisk  
  142  11:06  Hydralisk x7  
  142  11:07  Hydralisk x2  
  160  11:30  Roach  
  160  11:31  Hydralisk x6, Roach x4  
  160  11:32  Hydralisk  
  135  12:40  Hydralisk  
  135  12:41  Hydralisk x7  
Show
View Real Time Build Order
Export as new Build Order

HoZaF Protoss 

Build Orders: 1 Gate Expand 

Get SALT Encoding   

  12  0:01  Probe  
  13  0:13  Probe  
  14  0:18  Pylon  
  14  0:27  Probe (Chrono Boost)  
  15  0:39  Probe (Chrono Boost)  
  15  0:41  Gateway  
  16  0:45  Probe (Chrono Boost)  
  17  0:54  Probe  
  18  0:57  Assimilator  
  18  1:06  Probe  
  19  1:18  Probe (Chrono Boost)  
  20  1:29  Nexus  
  20  1:36  Cybernetics Core  
  20  1:39  Probe  
  21  1:49  Assimilator  
  21  1:51  Probe  
  22  2:03  Probe  
  22  2:06  Pylon  
  23  2:23  Warp Gate (Chrono Boost)  
  23  2:24  Probe, Stalker  
  26  2:36  Probe  
  27  2:41  Probe  
  28  2:47  Gateway  
  28  2:49  Probe  
  29  2:54  Probe  
  30  3:01  Probe  
  31  3:09  Probe  
  31  3:13  Probe  
  32  3:20  Gateway  
  32  3:22  Probe  
  32  3:23  Pylon  
  32  3:25  Probe (Chrono Boost)  
  34  3:35  Probe (Chrono Boost), Twilight Council  
  34  3:38  Probe (Chrono Boost)  
  36  3:45  Probe (Chrono Boost)  
  36  3:46  Probe (Chrono Boost)  
  38  3:48  Gateway  
  38  3:52  Gateway  
  38  3:55  Probe  
  38  3:56  Probe  
  40  4:05  Assimilator  
  40  4:07  Probe  
  40  4:08  Stalker  
  40  4:09  Stalker  
  45  4:11  Blink (Chrono Boost)  
  45  4:27  Assimilator  
  45  4:30  Pylon  
  45  4:31  Probe  
  46  4:38  Probe  
  46  4:41  Stalker x2  
  46  4:42  Stalker  
  46  4:44  Robotics Facility  
  53  4:52  Forge  
  53  4:54  Pylon  
  53  5:01  Probe  
  53  5:03  Probe  
  53  5:06  Gateway  
  55  5:13  Probe, Stalker x2  
  60  5:23  Protoss Ground Weapons Level 1 (Chrono Boost)  
  60  5:25  Probe  
  61  5:32  Stalker  
  61  5:33  Stalker x2  
  68  5:36  Observer (Chrono Boost)  
  68  5:44  Probe  
  68  5:45  Probe  
  70  6:16  Pylon  
  70  6:20  Pylon  
  70  6:23  Pylon x2  
  70  6:28  Nexus  
  70  6:29  Pylon  
  70  6:34  Probe, Nexus  
  70  6:35  Observer  
  70  6:38  Pylon  
  72  6:40  Pylon  
  72  6:42  Probe  
  72  6:46  Probe  
  74  6:54  Probe  
  74  6:59  Stalker x5  
  74  7:00  Stalker  
  87  7:17  Probe  
  84  7:48  Probe x3  
  84  7:50  Gateway  
  83  7:54  Gateway  
  83  7:56  Gateway  
  82  7:58  Gateway  
  82  8:00  Probe x3  
  85  8:09  Stalker x3  
  85  8:12  Stalker x3  
  97  8:13  Probe  
  97  8:14  Probe x2  
  97  8:19  Gateway  
  100  8:21  Gateway  
  100  8:28  Probe x2  
  102  8:39  Probe  
  101  8:41  Stalker x2  
  101  8:42  Stalker x4  
  101  8:44  Protoss Ground Weapons Level 2 (Chrono Boost)  
  101  8:45  Assimilator  
  113  8:50  Assimilator  
  97  9:13  Probe  
  95  9:21  Probe  
  96  9:27  Stargate  
  96  9:28  Stargate  
  96  9:30  Stargate  
  96  9:34  Pylon x2  
  96  9:35  Stalker x4  
  96  9:36  Stalker x4  
  96  9:37  Stalker  
  114  9:41  Nexus  
  114  9:49  Probe x3  
  117  9:54  Pylon  
  117  9:57  Pylon  
  117  9:59  Pylon  
  117  10:01  Pylon  
  117  10:02  Pylon  
  92  10:47  Probe x3  
  79  10:54  Void Ray x3  
  79  10:59  Probe x2  
  93  11:09  Fleet Beacon  
  93  11:12  Pylon  
  93  11:14  Pylon  
  93  11:18  Stalker x6  
  93  11:19  Stalker x6  
  117  11:29  Shield Battery  
  117  11:31  Shield Battery  
  117  11:32  Shield Battery  
  98  11:52  Void Ray x2  
  94  11:55  Stalker x7  
  94  11:56  Stalker x4  
  122  12:16  Pylon  
  122  12:17  Probe x2  
  122  12:18  Pylon x2  
  124  12:29  Stalker x5  
  134  12:30  Stalker x3  
  140  12:44  Assimilator  
  140  12:50  Assimilator  
Show
View Real Time Build Order
Export as new Build Order

Massa Terran 

Build Orders:  

Get SALT Encoding   

  12  0:00  SCV  
  13  0:12  SCV  
  14  0:18  Supply Depot  
  14  0:24  SCV  
  15  0:31  Refinery  
  15  0:40  SCV  
  16  0:46  Barracks  
  16  0:52  SCV  
  17  1:04  SCV  
  18  1:16  SCV  
  19  1:21  Supply Depot  
  19  1:28  SCV  
  20  1:40  SCV  
  21  1:48  Reaper  
  22  1:59  Command Center  
  22  2:08  Factory  
  22  2:12  Supply Depot  
  22  2:17  SCV  
  22  2:20  Marine  
  24  2:29  SCV  
  25  2:41  Orbital Command  
  25  2:45  Refinery  
  25  2:47  Barracks Reactor  
  25  2:53  Widow Mine  
  27  3:00  Starport  
  27  3:23  Widow Mine  
  27  3:25  Marine x2  
  31  3:31  Orbital Command  
  31  3:33  SCV  
  32  3:42  Medivac  
  32  3:43  Marine x2  
  32  3:45  SCV  
  32  3:46  Factory Tech Lab  
  37  4:00  Marine  
  37  4:01  Marine  
  39  4:03  SCV x2  
  41  4:15  SCV x2  
  43  4:17  Siege Tank  
  43  4:18  Marine x2  
  48  4:30  SCV x2  
  50  4:37  Liberator  
  53  4:38  Marine  
  53  4:45  Supply Depot  
  54  4:49  Supply Depot  
  54  4:52  Engineering Bay  
  54  4:55  Supply Depot  
  54  5:06  SCV, Marine x2  
  54  5:07  SCV, Siege Tank  
  61  5:08  Supply Depot  
  61  5:10  Refinery  
  61  5:12  Supply Depot  
  61  5:19  SCV x2  
  63  5:22  Terran Infantry Weapons Level 1  
  63  5:24  Marine x2  
  64  5:31  SCV x2  
  66  5:37  Barracks  
  66  5:43  SCV x2, Supply Depot  
  68  5:55  SCV  
  63  6:10  Siege Tank  
  66  6:12  SCV x2  
  66  6:15  Refinery  
  68  6:20  Command Center  
  68  6:24  SCV x2  
  70  6:30  Barracks Tech Lab, Engineering Bay  
  70  6:32  Marine x2  
  72  6:35  Medivac  
  72  6:36  SCV x2  
  76  6:43  Siege Tank  
  76  6:44  Armory  
  79  6:48  SCV x2, Missile Turret  
  79  6:49  Marine  
  79  6:50  Marine  
  79  6:51  Missile Turret  
  82  7:19  Marauder, Stimpack  
  79  7:40  Marauder  
  79  8:01  SCV x2  
  81  8:09  Supply Depot  
  81  8:10  Supply Depot  
  81  8:11  Supply Depot  
  78  8:13  SCV  
  75  8:25  Marauder  
  75  8:26  Marine x2  
  79  8:35  SCV x2, Sensor Tower  
  81  8:44  Marine x2  
  81  8:47  SCV, Marauder  
  85  8:59  Combat Shield  
  85  9:01  Marine  
  85  9:02  Marine  
  87  9:04  Medivac  
  87  9:08  Marauder  
  91  9:12  Siege Tank  
  94  9:19  Marine  
  94  9:20  Marine  
  96  9:25  Barracks  
  96  9:27  Barracks  
  96  9:28  Terran Infantry Armor Level 1, Terran Infantry Weapons Level 2  
  96  9:29  Marauder  
  96  9:30  Terran Vehicle And Ship Armor Level 1  
  98  9:34  Medivac  
  100  9:40  Sensor Tower  
  100  9:44  Siege Tank  
  103  9:51  Marauder  
  105  10:05  Marine  
  105  10:06  Marine  
  107  10:12  Marauder  
  109  10:16  Barracks Reactor, Barracks Tech Lab, Siege Tank  
  109  10:18  Concussive Shells  
  112  10:23  Marine x2  
  114  10:34  Marauder  
  113  10:41  Marine x2  
  100  10:48  Siege Tank  
  94  10:54  Marine  
  94  10:56  Marauder  
  94  10:57  Marine x2  
  96  10:59  Marine x2  
  96  11:01  Planetary Fortress  
  96  11:03  SCV  
  102  11:04  SCV  
  102  11:13  Marauder  
  102  11:14  Marine  
  102  11:15  SCV, Marine  
  102  11:16  SCV  
  102  11:17  Marauder, Marine x2  
  112  11:20  Siege Tank  
  115  11:26  Medivac  
  117  11:36  SCV  
  117  11:37  SCV, Marine  
  117  11:38  Marine  
  117  11:40  Marine  
  117  11:44  Marine  
  117  11:47  Marauder  
  117  11:48  SCV  
  117  11:50  Marauder  
  117  11:55  Marine x2  
  78  12:08  Marauder  
  78  12:09  Liberator  
  78  12:11  Marauder  
  78  12:13  Marine x2  
  81  12:22  SCV  
  78  12:30  Marauder, Marine  
  78  12:31  Marine  
  78  12:33  Marauder  
  78  12:34  SCV  
  80  12:46  SCV  
  80  12:48  Marine  
Show
View Real Time Build Order
Export as new Build Order

qqq Protoss 

Build Orders: Forge Fast Expand (FFE), Carriers 

Get SALT Encoding   

  12  0:02  Probe  
  13  0:14  Probe  
  14  0:23  Pylon  
  14  0:29  Probe  
  15  0:41  Probe  
  16  0:44  Forge  
  16  0:53  Probe  
  17  1:05  Probe  
  18  1:19  Probe  
  19  1:31  Probe  
  20  1:42  Nexus  
  20  1:51  Probe  
  21  2:02  Pylon  
  21  2:06  Gateway  
  21  2:22  Photon Cannon  
  21  2:27  Photon Cannon  
  21  2:29  Pylon  
  21  2:35  Photon Cannon  
  21  2:41  Photon Cannon  
  21  2:43  Pylon  
  21  2:47  Photon Cannon  
  21  2:56  Photon Cannon  
  20  3:09  Probe  
  20  3:11  Assimilator  
  21  3:15  Assimilator  
  21  3:16  Pylon  
  21  3:26  Photon Cannon  
  21  3:27  Cybernetics Core  
  21  3:30  Probe x2 (Chrono Boost)  
  23  3:42  Probe (Chrono Boost)  
  23  3:43  Probe (Chrono Boost)  
  25  3:50  Probe x2 (Chrono Boost)  
  27  3:56  Probe x2  
  29  4:08  Probe  
  29  4:09  Probe  
  31  4:10  Stargate  
  31  4:13  Stalker (Chrono Boost)  
  31  4:16  Probe  
  33  4:21  Probe  
  33  4:24  Probe  
  36  4:35  Probe  
  36  4:36  Probe  
  38  4:47  Probe  
  38  4:48  Probe  
  40  4:54  Assimilator  
  40  4:56  Phoenix  
  40  4:58  Assimilator  
  40  4:59  Probe  
  43  5:00  Probe  
  43  5:03  Stargate  
  44  5:15  Probe  
  45  5:27  Probe  
  46  5:30  Pylon  
  46  5:35  Photon Cannon, Shield Battery  
  46  5:37  Photon Cannon  
  46  5:48  Probe, Phoenix, Stalker  
  51  5:56  Fleet Beacon  
  51  5:58  Phoenix  
  51  6:00  Probe  
  54  6:06  Pylon, Robotics Facility  
  54  6:24  Probe, Phoenix  
  57  6:26  Pylon  
  57  6:30  Phoenix  
  59  6:49  Phoenix, Nexus  
  59  6:52  Pylon  
  61  6:54  Pylon  
  61  6:56  Carrier  
  61  6:57  Pylon  
  65  7:14  Photon Cannon  
  65  7:17  Protoss Air Weapons Level 1  
  65  7:23  Tempest  
  61  7:57  Observer  
  62  8:01  Carrier  
  68  8:18  Observer  
  69  8:20  Nexus  
  69  8:23  Pylon  
  69  8:25  Pylon  
  69  8:28  Pylon  
  69  8:29  Pylon  
  69  8:32  Pylon  
  69  8:36  Pylon  
  69  8:38  Pylon  
  69  8:41  Carrier  
  69  8:46  Nexus  
  75  8:48  Pylon  
  67  9:05  Carrier  
  73  9:19  Photon Cannon  
  73  9:21  Photon Cannon  
  73  9:23  Photon Cannon  
  73  9:26  Photon Cannon  
  73  9:29  Shield Battery  
  73  9:30  Shield Battery  
  73  9:31  Photon Cannon  
  73  9:33  Photon Cannon  
  73  9:34  Photon Cannon  
  73  10:04  Carrier  
  79  10:09  Carrier  
  79  10:12  Probe x2  
  75  10:24  Probe x2  
  68  10:36  Probe  
  68  10:46  Stargate  
  68  10:50  Stargate  
  68  10:51  Probe  
  69  11:03  Probe  
  70  11:08  Carrier (Chrono Boost)  
  73  11:19  Carrier (Chrono Boost)  
  72  11:32  Photon Cannon  
  78  11:44  Carrier (Chrono Boost)  
  83  12:09  Carrier (Chrono Boost)  
  89  12:20  Tempest (Chrono Boost)  
Tags
 
Add a new tag
Caveats
  • Supply blocks, unpowered buildings, or Contaminate may cause inaccurate times.
  • Supply counts are checked every 10 seconds.